 Dungeon Crawl Stone Soup version 0.25.1-2-g60ff931df9 (webtiles) character file.

Game seed: 13676783707578501909

928 nicanaca0 the Basher (level 7, -1/60 HPs)
             Began as a Minotaur Berserker on Oct 1, 2020.
             Was a Priest of Trog.
             Slain by an orc warrior
             ... wielding a +0 glaive
              (16 damage)
             ... on level 6 of the Dungeon.
             The game lasted 00:06:32 (5145 turns).

nicanaca0 the Basher (Minotaur Berserker)           Turns: 5145, Time: 00:06:33

Health: -1/60      AC:  5    Str: 22    XL:     7   Next: 85%
Magic:  6/6        EV: 11    Int:  6    God:    Trog [***...]
Gold:   259        SH:  0    Dex:  9    Spells: 6/6 levels left

rFire    . . .     SeeInvis .   a - +0 mace
rCold    . . .     Gourm    .   (no shield)
rNeg     . . .     Faith    +   h - +0 ring mail
rPois    .         Spirit   .   (helmet restricted)
rElec    .         Reflect  .   (no cloak)
rCorr    .         Harm     .   (no gloves)
MR       .....                  (no boots)
Stlth    ..........             w - amulet of faith
HPRegen  0.20/turn              (no ring)
MPRegen  0.10/turn              (no ring)

@: lightly drained
A: retaliatory headbutt, horns 2
a: Berserk, Trog's Hand, Renounce Religion


You were on level 6 of the Dungeon.
You worshipped Trog.
Trog was most pleased with you.
You were hungry.

You visited 1 branch of the dungeon, and saw 6 of its levels.

You collected 259 gold pieces.

Inventory:

Hand Weapons
 a - a +0 mace (weapon)
 d - a +0 whip
 u - a cursed +0 dire flail
Missiles
 f - 8 javelins (quivered)
Armour
 b - a +0 animal skin
 h - a +0 ring mail (worn)
 y - a +0 scale mail
Jewellery
 k - the ring of Acuw {EV+4 Int+2, unknown}
   (You found it on level 5 of the Dungeon)

   [ring of evasion]

   It affects your evasion (+4).
   It affects your intelligence (+2).
 w - an amulet of faith (around neck)
 x - an uncursed amulet of regeneration
Scrolls
 e - 4 scrolls of teleportation {unknown}
 g - a scroll of fear {unknown}
 i - a scroll of identify
 j - a scroll of random uselessness {unknown}
 m - a scroll of amnesia {unknown}
 t - 2 scrolls of remove curse
 v - 2 scrolls of enchant armour {unknown}
 z - 2 scrolls of blinking {unknown}
 A - a scroll of fog {unknown}
Potions
 l - 4 potions of lignification {unknown}
 n - a potion of heal wounds {unknown}
 o - a potion of ambrosia {unknown}
 p - a potion of brilliance {unknown}
 q - a potion of berserk rage {unknown}
 r - a potion of curing {unknown}
 s - a potion of degeneration {unknown}
Comestibles
 c - 9 rations


   Skills:
 + Level 4.9(4.4) Fighting
 * Level 10.2(9.7) Maces & Flails
 + Level 4.1(3.6) Armour
 - Level 2.1(1.7) Dodging


You had 6 spell levels left.
You didn't know any spells.
Your spell library was empty.

Dungeon Overview and Level Annotations

Branches:
Dungeon (6/15)
 Temple: D:4-7

Altars:
Ashenzari
Elyvilon
Gozag
Hepliaklqana
Kikubaaqudgha
Ru
Sif Muna
Wu Jian
Zin


Innate Abilities, Weirdness & Mutations

You reflexively headbutt those who attack you in melee.
You have a pair of horns on your head.


Message History

The orc warrior closely misses you.
You closely miss the orc warrior.
The orc warrior is moderately wounded.
The orc warrior hits you with a +0 glaive!
You hit the orc warrior but do no damage.
You headbutt the orc warrior, but do no damage.
The orc warrior is moderately wounded.
You barely miss the orc warrior.
The orc warrior is moderately wounded.
The orc warrior barely misses you.
You barely miss the orc warrior.
The orc warrior is moderately wounded.
The orc warrior hits you with a +0 glaive!
* * * LOW HITPOINT WARNING * * *
You hit the orc warrior but do no damage.
The orc warrior is moderately wounded.
You hit the orc warrior but do no damage.
The orc warrior is moderately wounded.
The orc warrior hits you with a +0 glaive!
You die...

############
#......(...#
#..........##
#............
#............
#............
#...<@o......
#...[........
#............
#[...........
#..........##
#########.##
... ..


You could see an orc warrior.

Vanquished Creatures
  2 centaurs
  A water moccasin zombie (D:5)
  3 wights (D:5)
  3 crimson imps (D:5)
  2 hounds (D:4)
  3 orc wizards
  A centaur skeleton (D:5)
  2 orc priests (D:4)
  A bullfrog skeleton (D:6)
  3 worker ants (D:4)
  4 adders
  A shadow imp (D:5)
  2 oozes
  A dart slug (D:1)
  A worm (D:3)
  4 leopard geckos
  10 orcs
  A ball python (D:1)
  5 giant cockroaches
  6 goblins (D:1)
  6 hobgoblins
  9 jackals
  10 kobolds
  2 quokkas
  8 bats
  4 frilled lizards
  A jackal skeleton (D:4)
  A quokka zombie (D:5)
  8 rats
105 creatures vanquished.

Notes
Turn   | Place    | Note
-------+----------+-------------------------------------------
     0 | D:1      | nicanaca0 the Minotaur Berserker began the quest for the
                  | Orb.
     0 | D:1      | Reached XP level 1. HP: 19/19 MP: 0/0
    26 | D:1      | Reached skill level 4 in Maces & Flails
   251 | D:1      | Reached XP level 2. HP: 26/26 MP: 1/1
   741 | D:1      | Reached skill level 5 in Maces & Flails
   775 | D:1      | Reached XP level 3. HP: 31/31 MP: 2/2
   862 | D:1      | Reached ** piety under Trog
  1392 | D:2      | You fall into a shaft and drop 1 floor!
  1392 | D:3      | Found an ornate altar of the Wu Jian Council.
  1580 | D:3      | Found a shimmering blue altar of Sif Muna.
  1639 | D:3      | Reached skill level 6 in Maces & Flails
  1639 | D:3      | Reached XP level 4. HP: 39/39 MP: 3/3
  1697 | D:3      | Noticed a centaur
  1716 | D:3      | Killed a centaur
  1716 | D:3      | Reached skill level 7 in Maces & Flails
  1716 | D:3      | Reached XP level 5. HP: 4/45 MP: 4/4
  2887 | D:4      | Reached skill level 8 in Maces & Flails
  2914 | D:4      | Found an ancient bone altar of Kikubaaqudgha.
  3041 | D:4      | Found a shattered altar of Ashenzari.
  3126 | D:4      | Found a glowing silver altar of Zin.
  3145 | D:4      | Found a sacrificial altar of Ru.
  3150 | D:4      | Reached XP level 6. HP: 49/51 MP: 5/5
  3339 | D:4      | Found a hazy altar of Hepliaklqana.
  3430 | D:4      | Reached skill level 9 in Maces & Flails
  3531 | D:4      | Reached *** piety under Trog
  3853 | D:5      | Entered Level 5 of the Dungeon
  3887 | D:5      | Found a white marble altar of Elyvilon.
  3909 | D:5      | Reached XP level 7. HP: 51/58 MP: 6/6
  3947 | D:5      | Got a pitted wooden ring
  4615 | D:5      | Found an opulent altar of Gozag.
  4690 | D:5      | Reached skill level 10 in Maces & Flails
  5145 | D:6      | Slain by an orc warrior

Illustrated notes

Levels and vault maps discovered:
D:1:      dpeg_arrival_round_c, layout_loops_corners, minmay_tromino_v4_a
D:2:      layout_basic, st_stairs_12
D:3:      layout_loops_ring, chequers_temple_overflow_statue_of_worship,
          serial_glass, glass_columns_b, glass_columns_b,
          kennysheep_decorative_pillar
D:4:      layout_basic, lemuel_round_altar, zin_scriptorium,
          nicolae_ru_great_annihilating_truth, nicolae_overflow_crystal_walls,
          kennysheep_little_box, first_ration, nrook_mini_vaults,
          kennysheep_generic_room_16
D:5:      layout_rooms, nicolae_gozag_cash_rules_everything_around_me,
          elyvilon_altar_3
D:6:      layout_rooms, tso_metal_star, minmay_temple_entry_glass, serial_bayou,
          serial_bayou_lake_a, serial_bayou_pond_d, serial_bayou_pond_b,
          serial_bayou_pond_a, uniq_blork_the_orc

Skill      XL: |  1  2  3  4  5  6  7 |
---------------+----------------------+-----
Maces & Flails | 4 5 6 7 8 9 10 | 10.2
Fighting       | 4 |  4.9
Armour         | 4 |  4.1
Dodging        | |  2.1

Action                   |  1- 3 |  4- 6 |  7- 9 || total
-------------------------+-------+-------+-------++-------
Melee: Mace              |    92 |   100 |    81 ||   273
       Headbutt          |    16 |    17 |    20 ||    53
Invok: Trog's Hand       |       |     1 |     1 ||     2
  Use: Scroll            |       |     2 |       ||     2
 Stab: Sleeping          |     1 |       |       ||     1
       Paralysed         |       |     1 |       ||     1
  Eat: Chunk             |     2 |     4 |     4 ||    10
       Ration            |       |     1 |       ||     1
Armor: Animal skin       |     5 |       |       ||     5
       Ring mail         |    33 |    33 |    21 ||    87
Dodge: Dodged            |    55 |    69 |    51 ||   175
